 Dungeon Crawl Stone Soup version 0.16.0-17-g811c1d7 (webtiles) character file.

6192 McCoppin the Carver (level 10, -2/76 HPs)
             Began as an Octopode Summoner on Mar 21, 2015.
             Slain by a killer bee (5 damage)
             ... on level 12 of the Dungeon.
             The game lasted 00:49:56 (10146 turns).

McCoppin the Carver (Octopode Summoner)            Turns: 10146, Time: 00:49:56

Health: -2/76      AC:  1    Str: 14      XL:     10   Next: 91%
Magic:  16/16      EV: 11    Int: 14 (17) God:
Gold:   501        SH:  3    Dex: 15      Spells: 2 memorised, 9 levels left

rFire  . . .     SeeInvis .     a - +1 short sword (drain)
rCold  . . .     Clarity  .     u - +0 buckler (curse)
rNeg   . . .     SustAb   .     (helmet restricted)
rPois  +         Gourm    .     q - amulet of resist corrosion
rElec  .         Spirit   .     (no ring)
rCorr  +         Warding  .     (no ring)
rMut   .         Stasis   .     (no ring)
MR     .....                    (no ring)
Stlth  ++++++....               (no ring)
                                (no ring)
                                (no ring)
                                (no ring)

@: mighty, drained, not resistant to hostile enchantments, very stealthy
A: almost no armour, amphibious, 8 rings, constrict 8, camouflage 1, breathe
flames 1, poison resistance, gelatinous body 1
a: Breathe Fire


You were on level 12 of the Dungeon.
You were not hungry.

You visited 2 branches of the dungeon, and saw 11 of its levels.
You also visited: Labyrinth.

You collected 501 gold pieces.

Inventory:

Hand weapons
 a - a +1 short sword of draining (weapon)
 b - a +5 blowgun
 C - a +2 short sword of speed
 R - a +2 long sword
Missiles
 g - 7 needles of paralysis
 k - a throwing net
 z - 8 javelins
 E - 7 javelins of returning (quivered)
 M - a curare-tipped needle
 V - 25 poisoned needles
Armour
 u - a cursed +0 buckler (worn)
Jewellery
 f - the ring of Xiawnyw {rPois rC+ MR+ EV-2 Dex+4 Slay-4}
   (You found it on level 5 of the Dungeon)

   [ring of evasion]

   It affects your evasion (-2).
   It affects your dexterity (+4).
   It affects your accuracy and damage with ranged weapons and melee attacks
   (-4).
   It protects you from cold.
   It protects you from poison.
   It affects your resistance to hostile enchantments.
 q - an amulet of resist corrosion (around mantle)
 v - the ring "Usausif" {Str+6 Int+3 Stlth-, unknown}
   (You took it off a minotaur in a labyrinth)

   [ring of loudness]

   It affects your strength (+6).
   It affects your intelligence (+3).
   It makes you less stealthy.
 A - an uncursed amulet of stasis
Magical devices
 l - a wand of draining (7)
 H - a wand of flame (20)
 J - a wand of flame (24)
 Q - a wand of magic darts (22)
Scrolls
 d - 3 scrolls of magic mapping
 i - 3 scrolls of fog
 m - a scroll of recharging
 o - 3 scrolls of teleportation
 t - a scroll of enchant armour
 y - a scroll of enchant weapon
 G - a scroll of holy word
 L - 5 scrolls of remove curse
Potions
 j - 2 potions of cure mutation
 n - 2 potions of curing
 p - a potion of agility
 r - a potion of restore abilities
 s - a potion of poison
 w - 2 potions of brilliance
 F - 2 potions of resistance
 K - a potion of cancellation {unknown}
Books
 e - a book of Maledictions

   Spells                             Type                      Level
   a - Corona                         Hexes                        1
   b - Sure Blade                     Hexes/Charms                 2
   c - Ensorcelled Hibernation        Hexes/Ice                    2
   d - Confuse                        Hexes                        3
   e - Dazzling Spray                 Conjuration/Hexes            3
   f - Enslavement                    Hexes                        4
 I - a book of Summonings

   Spells                             Type                      Level
   a - Abjuration                     Summoning                    3
   b - Recall                         Summoning/Translocation      3
   c - Shadow Creatures               Summoning                    5
   d - Summon Demon                   Summoning                    5
   e - Summon Forest                  Summoning/Translocation      5
   f - Monstrous Menagerie            Summoning                    6
 N - a Young Poisoner's Handbook

   Spells                             Type                      Level
   a - Sting                          Conjuration/Poison           1
   b - Cure Poison                    Poison                       2
   c - Mephitic Cloud                 Conjuration/Poison/Air       3
   d - Olgreb's Toxic Radiance        Poison                       4
   e - Venom Bolt                     Conjuration/Poison           5
 O - a book of Beasts

   Spells                             Type                      Level
   a - Summon Butterflies             Summoning                    1
   b - Call Canine Familiar           Summoning                    3
   c - Summon Ice Beast               Ice/Summoning                4
   d - Summon Mana Viper              Hexes/Summoning              5
   e - Monstrous Menagerie            Summoning                    6
   f - Summon Hydra                   Summoning                    7
 P - a book of Beasts

   Spells                             Type                      Level
   a - Summon Butterflies             Summoning                    1
   b - Call Canine Familiar           Summoning                    3
   c - Summon Ice Beast               Ice/Summoning                4
   d - Summon Mana Viper              Hexes/Summoning              5
   e - Monstrous Menagerie            Summoning                    6
   f - Summon Hydra                   Summoning                    7
 S - a book of Unlife

   Spells                             Type                      Level
   a - Recall                         Summoning/Translocation      3
   b - Animate Dead                   Necromancy                   4
   c - Control Undead                 Necromancy                   4
   d - Cigotuvi's Embrace             Necromancy                   5
   e - Death Channel                  Necromancy                   6
   f - Simulacrum                     Ice/Necromancy               6
 W - a book of Callings

   Spells                             Type                      Level
   a - Summon Small Mammal            Summoning                    1
   b - Call Imp                       Summoning                    2
   c - Call Canine Familiar           Summoning                    3
   d - Summon Guardian Golem          Hexes/Summoning              4
   e - Summon Lightning Spire         Summoning/Air                4
   f - Summon Ice Beast               Ice/Summoning                4
 X - a book of Summonings

   Spells                             Type                      Level
   a - Abjuration                     Summoning                    3
   b - Recall                         Summoning/Translocation      3
   c - Shadow Creatures               Summoning                    5
   d - Summon Demon                   Summoning                    5
   e - Summon Forest                  Summoning/Translocation      5
   f - Monstrous Menagerie            Summoning                    6
Miscellaneous
 Y - a phial of floods
 Z - a sack of spiders
Comestibles
 c - 13 bread rations
 h - 4 meat rations
 x - 3 chunks of flesh
 U - a fruit


   Skills:
 + Level 10.2(8.9) Fighting
 + Level 10.3(9.0) Long Blades
 - Level 2.0(0.9) Dodging
 - Level 10.0(8.7) Stealth
 - Level 2.0(0.9) Spellcasting
 - Level 4.0(2.8) Summonings


You had 9 spell levels left.
You knew the following spells:

 Your Spells              Type           Power        Failure   Level  Hunger
a - Summon Small Mammal   Summ           #...         14%         1    ##.....
b - Call Canine Familiar  Summ           #.......     41%         3    ####...


Dungeon Overview and Level Annotations

Branches:
Dungeon (12/15)            Temple (1/1) D:7
   Lair: D:8-11         Orc: D:9-12

Altars:
Ashenzari
Cheibriados
Dithmenos
Elyvilon
Fedhas
Gozag
Kikubaaqudgha
Makhleb
Nemelex Xobeh
Okawaru
Qazlal
Ru
Sif Muna
Trog
Vehumet
Xom
Yredelemnul
Zin
The Shining One

Shops:
D:12 (

Annotations:
D:2 1 exclusion
D:9 1 exclusion


Innate Abilities, Weirdness & Mutations

You cannot wear most types of armour.
You are amphibious.
You can wear up to eight rings at the same time.
You can use your tentacles to constrict many enemies at once.
Your skin changes colour to match your surroundings (Stealth).
Your rubbery body absorbs attacks (AC +1).
You can breathe flames.
Your system is resistant to poisons.


Message History

The killer bee closely misses you.
Read which item? (? for menu, Esc to quit)
Okay, then.
Drink which item? (? for menu, Esc to quit)
Okay, then.
You puncture the killer bee!
You kill the killer bee!
The killer bee misses you.
You hit the killer bee! You drain the killer bee! You grab the killer bee.
The killer bee is almost dead.
You constrict the killer bee.
You kill the killer bee!
The killer bee closely misses you.
You puncture the killer bee!!
You kill the killer bee!
You miss the killer bee. Your grab misses the killer bee.
The killer bee stings you!
* * * LOW HITPOINT WARNING * * *
The killer bee stings you.
You die...

### #.#######******
#.yyy.....,,,,*
#@#**********,* #.# ******,*
#.# *,,,**,* ###### #)#
*,*,**,* #....###.# *,*,**,*
**######....[...# *,*,**,*
*......#........# *,*,**,*
##......#........#*****+*+**,*
........#....###........,,,,,*


You could see 3 killer bees.

Vanquished Creatures
  A minotaur (Lab)
  A hill giant (D:12)
  A centaur zombie (D:12)
  A troll (D:12)
  A spriggan (D:7)
  A wyvern (D:8)
  A hungry ghost (D:8)
  A hippogriff (D:8)
  Menkaure (D:7)
  2 sky beasts
  An ice beast (D:9)
  A necrophage (D:8)
  5 ogres
  A water moccasin (D:12)
  A black bear (D:8)
  5 centaurs
  Sigmund (D:5)
  Duvessa (D:5)
  A big kobold (D:8)
  A brain worm (D:12)
  A giant frog (D:12)
  4 scorpions
  8 wights
  12 killer bees
  2 goliath beetles
  A giant frog zombie (D:8)
  Dowan (D:5)
  A quasit (D:8)
  3 jellies
  A crimson imp (D:6)
  Crazy Yiuf (D:2)
  2 orc priests
  3 hounds
  2 centaur skeletons
  4 orc wizards
  5 worker ants
  A hound skeleton (D:8)
  Robin (D:4)
  11 adders
  3 shadow imps
  2 worms
  A giant mite (D:8)
  An adder zombie (D:8)
  An adder skeleton (D:7)
  7 giant geckos
  An ooze (D:2)
  16 orcs
  11 bats
  A bat zombie (D:6)
  7 giant cockroaches
  17 goblins
  17 hobgoblins
  6 jackals
  25 kobolds
  2 quokkas (D:6)
  2 ball pythons
  4 giant newts
  19 rats
236 creatures vanquished.

Notes
Turn   | Place    | Note
--------------------------------------------------------------
     0 | D:1      | McCoppin, the Octopode Summoner, began the quest for the Orb.
     0 | D:1      | Reached XP level 1. HP: 11/11 MP: 3/3
   305 | D:1      | Reached XP level 2. HP: 17/17 MP: 4/4
   941 | D:2      | Reached XP level 3. HP: 14/21 MP: 6/6
  1296 | D:2      | Reached skill level 5 in Stealth
  1561 | D:2      | Reached XP level 4. HP: 27/27 MP: 7/7
  1581 | D:2      | Reached skill level 6 in Stealth
  1729 | D:2      | Learned a level 3 spell: Call Canine Familiar
  2172 | D:2      | Noticed Crazy Yiuf
  2178 | D:2      | Killed Crazy Yiuf
  2334 | D:3      | Reached skill level 7 in Stealth
  2414 | D:3      | Reached XP level 5. HP: 24/31 MP: 9/9
  2885 | D:3      | You fall through a shaft for 2 floors!
  2885 | D:5      | Entered Level 5 of the Dungeon
  3064 | D:5      | Noticed a sky beast
  3067 | D:5      | Killed a sky beast
  3067 | D:5      | Reached skill level 9 in Stealth
  3067 | D:5      | Reached XP level 6. HP: 36/36 MP: 10/10
  3072 | D:5      | Gained mutation: You can breathe flames. [mutagenic meat]
  3073 | D:5      | Gained mutation: Your system is resistant to poisons. [mutagenic meat]
  3467 | D:4      | Noticed Robin
  3479 | D:4      | Killed Robin
  3695 | D:4      | Reached skill level 10 in Stealth
  3733 | D:4      | Reached skill level 1 in Fighting
  3733 | D:4      | Reached skill level 1 in Long Blades
  3733 | D:4      | Reached XP level 7. HP: 40/43 MP: 12/12
  4270 | D:5      | Noticed Duvessa
  4271 | D:5      | Noticed Dowan
  4274 | D:5      | Got a translucent lead ring
  4299 | D:5      | Killed Dowan
  4306 | D:5      | Killed Duvessa
  4309 | D:5      | Reached XP level 8. HP: 19/52 MP: 13/13
  4365 | D:5      | Identified the cursed ring of Xiawnyw {rPois rC+ MR+ EV-2 Dex+4 Slay-4} (You found it on level 5 of the Dungeon)
  4734 | D:5      | Noticed Sigmund
  4737 | D:5      | Killed Sigmund
  5339 | D:6      | Reached skill level 5 in Long Blades
  5478 | D:6      | Reached skill level 5 in Fighting
  5904 | D:7      | Noticed Menkaure
  5925 | D:7      | Killed Menkaure
  5989 | D:7      | Found a staircase to the Ecumenical Temple.
  5996 | Temple   | Entered the Ecumenical Temple
  6484 | D:7      | Reached XP level 9. HP: 57/62 MP: 14/14
  8157 | D:8      | Reached XP level 10. HP: 63/72 MP: 16/16
  8522 | D:8      | Found an iron altar of Okawaru.
  9082 | D:9      | Found an ancient bone altar of Kikubaaqudgha.
  9087 | D:9      | Found a shadowy altar of Dithmenos.
  9090 | D:9      | Found a burning altar of Makhleb.
  9147 | D:9      | You fall through a shaft for 3 floors!
  9317 | D:12     | Noticed a hill giant
  9330 | D:12     | Killed a hill giant
  9362 | D:12     | Found a labyrinth entrance.
  9390 | Lab      | Entered a labyrinth
  9728 | Lab      | Noticed a minotaur
  9733 | Lab      | Killed a minotaur
  9735 | Lab      | Got a wavering granite ring
  9787 | D:12     | Found an opulent altar of Gozag.
  9797 | D:12     | Reached skill level 10 in Long Blades
 10021 | D:12     | Reached skill level 10 in Fighting
 10090 | D:12     | Found Suloach's Antique Weapon Boutique.
 10146 | D:12     | HP: 3/76 [killer bee (8)]
 10146 | D:12     | Slain by a killer bee

Action                   |  1- 3 |  4- 6 |  7- 9 | 10-12 || total
-------------------------+-------+-------+-------+-------++-------
Melee: Short sword       |    39 |    39 |   215 |   118 ||   411
       Dagger            |    18 |    60 |       |       ||    78
 Fire: Blowgun           |       |       |    26 |    13 ||    39
Throw: Javelin           |       |       |     7 |       ||     7
 Abil: Breathe Fire      |       |     2 |     1 |       ||     3
  Use: Scroll            |       |    13 |     2 |     9 ||    24
       Potion            |       |       |     5 |     4 ||     9
 Stab: Sleeping          |     8 |    13 |    28 |    12 ||    61
       Distracted        |       |     1 |     4 |     3 ||     8
       Invisible         |       |       |     5 |       ||     5
       Paralysed         |       |       |       |     2 ||     2
  Eat: Chunk             |     2 |     7 |    13 |     2 ||    24
       Pizza             |       |     1 |       |       ||     1
       Fruit             |       |       |     3 |       ||     3
       Royal jelly       |       |       |     1 |       ||     1
       Bread ration      |       |       |       |     1 ||     1
